 Dungeon Crawl Stone Soup version 0.30.1-9-gdf580d7c3d (webtiles) character file.

Game seed: 14553253164598869562

365 Ivernyr the Shield-Bearer (level 7, -5/50 (55) HPs)
             Began as a Formicid Fighter on Oct 7, 2023.
             Killed by divine providence
             ... invoked by an orc priest
              (11 damage)
             ... on level 4 of the Dungeon.
             The game lasted 00:08:14 (3206 turns).

Ivernyr the Shield-Bearer (Formicid Fighter)        Turns: 3206, Time: 00:08:14

HP:   -5/50 (55)    AC:  9    Str: 21    XL:     7   Next: 0%
MP:   7/7           EV:  9    Int:  7    God:
Gold: 239           SH:  5    Dex: 15    Spells: 6/6 levels left

rFire   . . .        a - +0 scimitar
rCold   . . .        c - +0 buckler
rNeg    . . .        b - +0 scale mail
rPois   +            (helmet unavailable)
rElec   .            j - +0 cloak
rCorr   .            (no gloves)
SInv    +            n - +0 pair of boots
Will    .....        (no amulet) Stlth
                     s - ring of poison resistance
HPRegen 0.28/turn    (no ring)
MPRegen 0.10/turn

%: no passive effects
@: drained
A: permanent stasis, dig shafts and tunnels, antennae 3, four strong arms
a: Dig, Shaft Self


You were on level 4 of the Dungeon.
You visited 1 branch of the dungeon, and saw 4 of its levels.

You collected 239 gold pieces.

Inventory:

Hand Weapons
 a - a +0 scimitar (weapon)
Armour
 b - a +0 scale mail (worn)
 c - a +0 buckler (worn)
 j - a +0 cloak (worn)
 n - a +0 pair of boots (worn)
Jewellery
 s - a ring of poison resistance (left hand)
Wands
 x - a wand of mindburst (6)
Scrolls
 e - 7 scrolls of identify {unknown}
 f - 3 scrolls of poison {unknown}
 h - 8 scrolls of teleportation {unknown}
 i - 2 scrolls of vulnerability {unknown}
 l - a scroll of magic mapping {unknown}
 m - a scroll of enchant armour {unknown}
 o - a scroll of amnesia {unknown}
Potions
 d - a potion of might
 g - 4 potions of degeneration {unknown}
 k - 2 potions of resistance {unknown}
 p - 2 potions of cancellation {unknown}
 q - 2 potions of ambrosia {unknown}
 r - 2 potions of berserk rage {unknown}
 t - a potion of curing {unknown}
 u - a potion of lignification {unknown}
 v - a potion of magic {unknown}
 w - a potion of mutation {unknown}


   Skills:
 + Level 4.5 Fighting
 * Level 4.5 Long Blades
 + Level 4.6 Armour
 + Level 5.6 Shields


You had 6 spell levels left.
You didn't know any spells.
Your spell library contained the following spells:

 Spells                   Type           Power      Damage    Failure   Level
 Ensorcelled Hibernation  Hex/Ice        0%         N/A       92%         2
 Poisonous Vapours        Pois/Air       0%         N/A       92%         2
 Gell's Gravitas          Tloc           0%         N/A       99%         3
 Ozocubu's Armour         Ice            0%         N/A       99%         3
 Spider Form              Tmut/Pois      0%         N/A       99%         3
 Teleport Other           Tloc           0%         N/A       99%         3
 Anguish                  Hex/Necr       0%         N/A       100%        4
 Dispersal                Tloc           0%         N/A       100%        6
 Eringya's Noxious Bog    Tmut/Pois      0%         N/A       100%        6
 Ozocubu's Refrigeration  Ice            0%         4d7       100%        7
 Shatter                  Erth           0%         3d5*      100%        9


Dungeon Overview and Level Annotations

Branches:
Dungeon (4/15)
 Temple: D:4-7

Altars:
Vehumet

Shops:
D:3 :


Innate Abilities, Weirdness & Mutations

You cannot be hasted, slowed, berserked, paralysed or teleported.
You can dig through walls and to a lower floor.
You have a pair of large antennae on your head. (SInv)
Your four strong arms can wield two-handed weapons with a shield.


Message History

You kill the orc!
The orc wizard casts a spell.
The orc wizard flickers and vanishes for a moment.
The orc priest miscasts a cantrip.
You hit the orc wizard.
The orc wizard is moderately wounded.
The orc wizard hits you with a +0 dagger.
You hit the orc wizard but do no damage.
The orc wizard is moderately wounded.
The orc priest mumbles some strange prayers to Beogh against you.
Beogh smites you!
The orc wizard gestures wildly while chanting.
The orc wizard flickers and vanishes for a moment.
The orc wizard hits you but does no damage.
You extend your mandibles.
You dig through the rock wall.
You feel drained.
The orc priest mumbles some strange prayers to Beogh against you.
Beogh smites you!
You dig through the rock wall.
You feel drained.
You dig through the rock wall.
You feel drained.
You retract your mandibles.
You closely miss the orc wizard.
The orc wizard is moderately wounded.
The orc wizard misses you.
You slash the orc wizard!
You kill the orc wizard!
You have reached level 7!
You hit the orc priest.
The orc priest is lightly wounded.
You block the orc priest's attack.
The orc priest hits you with a +0 hand axe.
You barely miss the orc priest.
The orc priest is lightly wounded.
The orc priest mumbles some strange prayers to Beogh against you.
Beogh smites you!
* * * LOW HITPOINT WARNING * * *
You slash the orc priest!
The orc priest is almost dead.
The orc priest invokes the aid of Beogh against you.
Beogh smites you!
You die...

############ ########
...o..)){..# #.......
.#######{#.# #.######
#o##.# #.#
##@#.#######.######
###.>.............
########..######.#####.
.......(.....# #.# #.
#.........##.# #.#####.
#.######.###.# #.......
#.# #.# #.#########.
#.# #.# #....|......
#.# #.# #.#########.


You could see an orc priest.

Vanquished Creatures
  A jelly (D:4)
  2 orc priests (D:4)
  2 iguanas (D:4)
  3 orc wizards (D:4)
  Robin (D:3)
  A gnoll (D:3)
  4 adders
  A dart slug (D:1)
  8 orcs
  7 bats
  5 endoplasms
  A giant cockroach (D:1)
  8 hobgoblins
  4 jackals
  8 kobolds
  4 quokkas
  4 ball pythons
  4 frilled lizards
  16 goblins
  3 rats
87 creatures vanquished.

Notes
Turn   | Place    | Note
-------+----------+-------------------------------------------
     0 | D:1      | Ivernyr the Formicid Fighter began the quest for the Orb.
     0 | D:1      | Reached XP level 1. HP: 18/18 MP: 1/1
   195 | D:1      | Reached XP level 2. HP: 23/23 MP: 2/2
   489 | D:1      | Reached XP level 3. HP: 26/29 MP: 3/3
  1291 | D:2      | Reached XP level 4. HP: 37/37 MP: 4/4
  1879 | D:3      | Found a radiant altar of Vehumet.
  1941 | D:3      | Noticed Robin
  1969 | D:3      | Reached XP level 5. HP: 29/42 MP: 5/5
  1985 | D:3      | Killed Robin
  2368 | D:3      | Found Fego's Book Shop.
  2547 | D:4      | Got the Precepts of Foul Geology
  2608 | D:4      | Reached skill level 5 in Shields
  2656 | D:4      | Reached XP level 6. HP: 46/48 MP: 6/6
  3204 | D:4      | Reached XP level 7. HP: 22/50 MP: 7/7
  3206 | D:4      | Killed from afar by an orc priest

Illustrated notes

Levels and vault maps discovered:
D:1:      dpeg_arrival_morbid_curiosity, layout_basic
D:2:      layout_basic, chequers_serial_rivers_micro_a
D:3:      minmay_razor_zed, layout_loops_ring, nicolae_overflow_crystal_walls,
          serial_shops, shop_statue, grunt_ministairs_1, uniq_robin
D:4:      layout_loops_ring, serial_rivers, chequers_serial_rivers_room_b,
          chequers_serial_rivers_small_a, chequers_serial_rivers_room_a,
          chequers_serial_rivers_micro_a, chequers_serial_rivers_micro_b

Skill      XL: |  1  2  3  4  5 |
---------------+----------------+-----
Long Blades    | 3 4 |  4.5
Armour         | 4 |  4.6
Fighting       | 4 |  4.5
Shields        | 5 |  5.6

Action                     |  1- 3 |  4- 6 |  7- 9 || total
---------------------------+-------+-------+-------++-------
  Melee: Long sword        |    53 |       |       ||    53
         Scimitar          |    39 |   180 |     3 ||   222
Ability: Dig               |       |     2 |       ||     2
 Armour: Scale mail        |    44 |    96 |       ||   140
  Dodge: Dodged            |    44 |   106 |       ||   150
  Block: Buckler           |    28 |    57 |     1 ||    86
